Map: Golden Wall LE

Players

Trap - Winner!

  • Race: Protoss Protoss
  • Spawn Location: 7:00

LiquidClem (Clem)

  • Race: Terran Terran
  • League: Bronze
  • Spawn Location: 5:00

Event: DreamHack SC2 Masters 2020 Summer Season Finals

VOD

Have the link to the VOD?

Description

Time

  • Played on: July 17, 2020, 12:04 p.m.
  • Length: 10:22

All games in this series

Show
View Real Time Build Order
Export as new Build Order

Trap Protoss - Winner!

Build Orders: 1 Gate Expand, Phoenix Opening 

Get SALT Encoding   

  12  0:00  Probe  
  13  0:12  Probe  
  14  0:17  Pylon  
  14  0:24  Probe  
  15  0:32  Probe  
  15  0:37  Gateway  
  15  0:40  Probe  
  16  0:48  Assimilator  
  17  0:51  Probe  
  18  1:03  Probe  
  19  1:15  Probe  
  20  1:24  Cybernetics Core  
  20  1:35  Nexus  
  20  1:42  Pylon  
  20  1:45  Probe  
  21  1:50  Adept  
  21  1:53  Assimilator  
  21  1:57  Probe  
  24  2:09  Probe  
  25  2:22  Probe, Stargate  
  26  2:25  Adept  
  27  2:31  Probe  
  27  2:34  Warp Gate  
  28  2:39  Probe  
  28  2:43  Probe  
  29  2:48  Probe  
  29  2:51  Probe  
  30  2:55  Stalker  
  34  3:00  Probe  
  34  3:01  Probe  
  34  3:02  Phoenix  
  38  3:14  Probe, Pylon  
  38  3:15  Probe  
  40  3:21  Phoenix  
  40  3:26  Probe  
  41  3:28  Probe  
  44  3:34  Gateway  
  44  3:40  Probe x2, Phoenix  
  48  3:53  Probe x2, Pylon  
  50  4:01  Phoenix  
  50  4:05  Probe x2  
  54  4:18  Probe x2  
  56  4:28  Stalker x2  
  58  4:33  Probe x2  
  58  4:41  Probe  
  58  4:42  Nexus  
  58  4:44  Pylon  
  59  4:45  Probe  
  59  4:47  Assimilator  
  59  4:48  Pylon  
  59  4:49  Probe  
  59  4:51  Assimilator  
  60  4:57  Probe  
  62  5:11  Forge  
  62  5:12  Probe x2  
  62  5:13  Twilight Council  
  64  5:16  Sentry x2  
  64  5:21  Gateway  
  68  5:25  Gateway  
  68  5:27  Gateway  
  68  5:28  Charge, Protoss Ground Armor Level 1  
  68  5:37  Gateway  
  68  5:38  Gateway  
  68  5:40  Probe x2  
  70  5:44  Sentry, Zealot  
  74  5:56  Phoenix  
  76  6:01  Shield Battery  
  76  6:09  Zealot x2  
  76  6:10  Pylon  
  80  6:17  Probe x2  
  80  6:18  Probe, Phoenix  
  85  6:28  Zealot x3  
  91  6:34  Pylon  
  91  6:37  Templar Archives, Zealot  
  91  6:38  Phoenix  
  93  6:40  Zealot  
  93  6:55  Zealot x4  
  93  7:00  Zealot  
  103  7:01  Zealot  
  103  7:04  Zealot  
  107  7:08  Phoenix  
  109  7:17  Probe x2  
  109  7:24  Probe  
  109  7:26  Probe  
  109  7:28  Pylon  
  109  7:29  Probe  
  102  7:30  Pylon  
  102  7:31  Pylon  
  102  7:32  Probe  
  102  7:33  Phoenix  
  102  7:34  Probe  
  105  7:41  Probe x2  
  105  7:42  Protoss Ground Armor Level 2  
  103  7:45  Probe, Assimilator x2  
  105  7:53  Probe x2  
  107  8:01  Probe  
  107  8:04  Zealot  
  107  8:05  Probe x2  
  111  8:10  High Templar x4  
  119  8:13  Phoenix  
  119  8:17  Archon x2  
  119  8:18  Zealot x2  
  123  8:25  Probe x3  
  128  8:27  Pylon  
  128  8:31  Pylon  
  128  8:33  Zealot  
  130  8:34  Phoenix  
  130  8:39  Pylon  
  128  8:51  Phoenix  
  128  8:52  Zealot x5  
  128  8:53  Zealot  
  130  9:11  Phoenix  
  116  9:19  Zealot x7  
  116  9:21  Probe x3  
  125  9:36  Probe x3, Phoenix  
Show
View Real Time Build Order
Export as new Build Order

LiquidClem Terran 

Build Orders:  

Get SALT Encoding   

  12  0:00  SCV  
  13  0:12  SCV  
  14  0:18  Supply Depot  
  14  0:25  SCV  
  15  0:39  SCV  
  15  0:40  Barracks  
  16  0:43  Refinery  
  16  0:51  SCV  
  17  1:03  SCV  
  18  1:15  SCV  
  19  1:26  Marine  
  19  1:28  Orbital Command  
  20  1:46  Command Center  
  20  1:54  Factory  
  20  1:58  SCV  
  21  2:03  Barracks Reactor  
  21  2:10  Supply Depot  
  21  2:12  SCV  
  22  2:21  Bunker  
  22  2:24  SCV  
  22  2:28  Refinery  
  23  2:36  SCV  
  24  2:39  Starport  
  24  2:45  Hellion  
  24  2:48  SCV  
  24  2:51  Marine  
  28  2:59  Orbital Command  
  28  3:03  SCV  
  29  3:09  Hellion  
  31  3:15  Medivac  
  31  3:16  SCV  
  34  3:21  Marine x2  
  34  3:25  SCV  
  37  3:28  SCV  
  37  3:31  Hellion  
  40  3:35  Supply Depot  
  40  3:38  SCV  
  40  3:40  SCV  
  42  3:41  Marine  
  42  3:42  Marine  
  44  3:50  Barracks  
  44  3:51  SCV  
  44  3:52  SCV  
  46  3:56  Starport Tech Lab, Factory Tech Lab  
  46  4:01  Barracks  
  46  4:05  Marine x2  
  46  4:07  SCV  
  46  4:09  SCV  
  50  4:13  Supply Depot  
  50  4:17  Cyclone  
  50  4:23  Marine  
  54  4:26  Viking  
  54  4:33  Marine  
  54  4:34  SCV  
  54  4:35  SCV  
  51  4:38  Engineering Bay  
  51  4:41  Marine  
  51  4:42  Refinery  
  52  4:46  SCV  
  52  4:47  SCV, Supply Depot  
  52  4:51  Marine  
  55  4:53  Stimpack  
  55  4:55  Marine  
  55  4:58  SCV  
  55  4:59  Marine  
  58  5:00  SCV  
  58  5:06  Factory Reactor  
  57  5:09  Starport Reactor, Marine  
  57  5:10  SCV  
  57  5:11  Combat Shield  
  57  5:12  SCV  
  62  5:14  Marauder  
  62  5:17  Marauder  
  64  5:21  Supply Depot  
  64  5:22  SCV  
  64  5:24  SCV, Refinery  
  66  5:31  Marine x2  
  66  5:34  SCV  
  69  5:36  SCV  
  70  5:42  Terran Infantry Weapons Level 1  
  70  5:43  Supply Depot, Marauder x2  
  70  5:46  SCV  
  70  5:48  Medivac  
  77  5:52  Supply Depot  
  77  5:56  Marine  
  78  6:03  Missile Turret  
  78  6:04  Medivac, Marine x2  
  78  6:05  Missile Turret, Widow Mine x2  
  86  6:13  Supply Depot  
  86  6:14  Marauder  
  86  6:16  SCV  
  86  6:17  SCV  
  86  6:18  Supply Depot  
  90  6:21  Medivac, Marine  
  90  6:25  Marauder  
  94  6:34  SCV x2  
  94  6:36  Supply Depot, Marauder, Marine  
  99  6:42  Command Center  
  99  6:45  Concussive Shells  
  99  6:50  Marine, Widow Mine x2  
  99  6:51  Marauder  
  106  6:55  Medivac  
  106  6:59  Supply Depot  
  106  7:01  Medivac  
  110  7:04  Marine  
  110  7:05  Marauder  
  113  7:08  Marine  
  113  7:13  Marauder  
  116  7:16  Barracks  
  116  7:19  Widow Mine  
  109  7:24  Widow Mine, Marine  
  109  7:26  Marauder  
  109  7:27  Medivac  
  109  7:28  Marine  
  105  7:34  Marauder  
  105  7:35  Medivac  
  103  7:40  SCV x2  
  103  7:41  Widow Mine  
  105  7:44  Marine  
  105  7:48  Marauder  
  105  7:49  Barracks  
  108  7:54  Orbital Command  
  108  7:57  Medivac, Marine, Widow Mine  
  113  8:00  Marauder  
  113  8:02  Widow Mine  
  113  8:03  SCV x2  
  119  8:08  Marine, Barracks Tech Lab  
  119  8:10  Marauder  
  120  8:14  Medivac  
  120  8:15  SCV x2  
  120  8:20  Terran Infantry Armor Level 1  
  120  8:21  SCV  
  120  8:24  Marine  
  120  8:25  Marauder  
  124  8:27  SCV x2  
  124  8:32  Ghost Academy  
  130  8:34  Widow Mine x2, Marine  
  130  8:36  SCV  
  130  8:38  Barracks Reactor  
  130  8:41  Marauder x2  
  136  8:45  SCV, Supply Depot  
  136  8:46  SCV  
  134  8:49  Marine  
  134  8:50  Marauder  
  134  8:51  SCV  
  134  8:54  Marine  
  135  8:57  SCV, Supply Depot  
  135  8:59  Widow Mine x2  
  135  9:02  Marauder  
  141  9:03  Marauder  
  141  9:05  Liberator x2  
  141  9:07  Marine  
  137  9:11  Marauder  
  137  9:15  Marine x2  
  125  9:19  Marine  
  125  9:24  Marauder x2  
  108  9:26  Widow Mine  
  108  9:27  Marine  
  92  9:32  Marine  
  92  9:33  Marauder  
  92  9:34  Marine  
  75  9:45  Marauder  
  75  9:54  Marauder  
Tags
 
Add a new tag
Caveats
  • Supply blocks, unpowered buildings, or Contaminate may cause inaccurate times.
  • Supply counts are checked every 10 seconds.